 Dungeon Crawl Stone Soup version 0.29-a0-557-g43b9904bd1 (webtiles) character file.

Game seed: 11852778296024126535

595 kae the Firebug (level 6, -3/45 HPs)
             Began as a Demigod Fire Elementalist on June 8, 2022.
             Killed from afar by Dowan (9 damage)
             ... with a puff of frost
             ... on level 4 of the Dungeon.
             The game lasted 00:03:04 (4041 turns).

kae the Firebug (Demigod Fire Elementalist)         Turns: 4041, Time: 00:03:04

Health: -3/45      AC:  2    Str:  9    XL:     6   Next: 94%
Magic:  0/14       EV: 12    Int: 25    God:
Gold:   256        SH:  0    Dex: 14    Spells: 5/11 levels left

rFire   + + .      SeeInvis .   m - staff of fire
rCold   x . .      Faith    .   (no shield)
rNeg    . . .      Spirit   .   a - +0 robe
rPois   .          Reflect  .   (no helmet)
rElec   .          Harm     .   (no cloak)
rCorr   .          Rampage  .   (no gloves)
Will    .....                   (no boots)
Stlth   ++........              (no amulet)
HPRegen 0.15/turn               q - ring of fire
MPRegen 0.14/turn               (no ring)

@: very slightly contaminated
A: high MP 1, forlorn, divine attributes
a: no special abilities


You were on level 4 of the Dungeon.
You visited 1 branch of the dungeon, and saw 4 of its levels.

You collected 256 gold pieces.

Inventory:

Hand Weapons
 d - a +0 short sword
 l - a +0 whip of freezing
Missiles
 s - a throwing net
Armour
 a - a +0 robe (worn)
Magical Staves
 m - a staff of fire (weapon)
Jewellery
 q - a ring of fire (left hand)
Scrolls
 e - 2 scrolls of teleportation
 i - a scroll of silence
 n - a scroll of fear
 r - a scroll of identify
Potions
 b - 2 potions of magic
 c - 4 potions of curing
 f - 3 potions of flight
 g - a potion of attraction
 h - 3 potions of haste
 j - a potion of resistance {unknown}
 k - a potion of might {unknown}
 o - 3 potions of ambrosia {unknown}
 p - a potion of invisibility {unknown}


   Skills:
 - Level 1.7 Dodging
 - Level 1.7 Stealth
 + Level 3.2 Spellcasting
 * Level 4.4 Conjurations
 * Level 5.2 Fire Magic


You had 5 spell levels left.
You knew the following spells:

 Your Spells              Type           Power      Damage    Failure   Level
a - Foxfire               Conj/Fire      100%       2x1d9     1%          1
b - Scorch                Fire           100%       2d10      1%          2
c - Conjure Flame         Conj/Fire      59%        6-21      4%          3

Your spell library contained the following spells:

 Spells                   Type           Power      Damage    Failure   Level
 Inner Flame              Hex/Fire       38%        N/A       10%         3
 Flame Wave               Conj/Fire      59%        2d11      14%         4
 Summon Cactus Giant      Summ           2%         N/A       100%        6


Dungeon Overview and Level Annotations

Branches:
Dungeon (4/15)
 Temple: D:4-7

Annotations:
D:4 Dowan


Innate Abilities, Weirdness & Mutations

You have an increased reservoir of magic. (+10% MP)
You shall have no god before yourself.
Your divine heritage dramatically boosts your attributes as you level up.


Message History

Casting: Foxfire (safe; 1% risk of failure)
Confirm with . or Enter, or press ? or * to list all spells.
You feel a strong surge of power!
You conjure some foxfire!
Dowan drinks a potion.
Dowan seems to speed up.
The foxfire hits Dowan!
Dowan is moderately wounded.
The foxfire hits Dowan.
Dowan is heavily wounded.
Dowan gestures at you while chanting. You resist with some effort.
You see here a hound skeleton.
Dowan casts a spell at you. The puff of frost hits you!
You feel a terrible chill! Dowan gestures at you while chanting.
The puff of flame misses you.
Casting: Foxfire (safe; 1% risk of failure)
Confirm with . or Enter, or press ? or * to list all spells.
You feel a strong surge of power!
You conjure some foxfire!
The foxfire hits Dowan.
Dowan is heavily wounded.
The foxfire hits Dowan.
Dowan is almost dead.
Casting: Foxfire (safe; 1% risk of failure)
Confirm with . or Enter, or press ? or * to list all spells.
You feel a strong surge of power!
You miscast Foxfire.
You are very lightly contaminated with residual magic.
Nothing appears to happen.
Casting: Foxfire (safe; 1% risk of failure)
Confirm with . or Enter, or press ? or * to list all spells.
You don't have enough magic to cast this spell.
Okay, then.
Dowan points at you and mumbles some strange words.
The puff of frost hits you!!
You feel a terrible chill!
* * * LOW HITPOINT WARNING * * *
Casting: Foxfire (safe; 1% risk of failure)
Confirm with . or Enter, or press ? or * to list all spells.
You feel a strong surge of power!
You conjure some foxfire!
Dowan points at you and mumbles some strange words.
The puff of frost hits you!
You feel a terrible chill!
You die...

.....# #......##.................
.....###......##P≈♣≈#..........##
.....##.......##P≈≈............#
......#.......##.≈≈≈...........#
......#.......##...............#
......#.......##....#..........#
......##............#..>########
...#####...##...)v....#'######
....)......##.e.@v...........#
.)))).)...÷......)...........###
.)......÷÷.....................#
..####.........................#
#.# ##........................#
#.# #........................#
#.# #.........######[......###
#.. ...........# #.......# #..
###########.# #.......#


You could see Dowan (fast, ally target).

Vanquished Creatures
  An ogre (D:4)
  A scorpion (D:4)
  3 hounds (D:4)
  Jessica (D:2)
  2 iguanas (D:4)
  Natasha (thrice) (D:3)
  An orc wizard (D:4)
  Robin (D:4)
  10 adders
  An ufetubus (D:4)
  4 dart slugs
  3 orcs
  4 endoplasms
  3 giant cockroaches
  15 goblins
  7 hobgoblins
  6 jackals
  3 kobolds
  2 quokkas
  4 ball pythons
  7 bats
  2 rats
84 creatures vanquished.

Vanquished Creatures (others)
  229 foxfires
  9 plants (D:4)
238 creatures vanquished.

Grand Total: 322 creatures vanquished

Notes
Turn   | Place    | Note
-------+----------+-------------------------------------------
     0 | D:1      | kae the Demigod Fire Elementalist began the quest for the
                  | Orb.
     0 | D:1      | Reached XP level 1. HP: 14/14 MP: 5/5
    37 | D:1      | Reached skill level 1 in Conjurations
   533 | D:1      | Reached XP level 2. HP: 16/20 MP: 2/7
   883 | D:2      | Reached skill level 3 in Fire Magic
   991 | D:2      | Reached XP level 3. HP: 26/26 MP: 5/8
  1033 | D:2      | Noticed Natasha
  1046 | D:3      | Learned a level 2 spell: Scorch
  1050 | D:3      | Learned a level 3 spell: Conjure Flame
  1144 | D:3      | Killed Natasha
  1330 | D:2      | Reached XP level 4. HP: 33/33 MP: 6/10
  1479 | D:2      | Noticed Jessica
  1480 | D:2      | Killed Jessica
  2063 | D:3      | Noticed Natasha
  2068 | D:3      | Killed Natasha
  2225 | D:3      | Reached skill level 4 in Fire Magic
  2371 | D:3      | Noticed Natasha
  2378 | D:3      | Killed Natasha
  2379 | D:3      | Reached XP level 5. HP: 38/38 MP: 7/11
  3019 | D:4      | Noticed an ogre
  3176 | D:4      | Reached XP level 6. HP: 32/45 MP: 8/13
  3566 | D:4      | Reached skill level 5 in Fire Magic
  3990 | D:4      | Noticed Robin
  4003 | D:4      | Killed Robin
  4026 | D:4      | Noticed Dowan
  4041 | D:4      | Killed from afar by Dowan

Illustrated notes

Levels and vault maps discovered:
D:1:      dpeg_arrival_shelter, layout_rooms, serial_forest,
          infiniplex_forest_fountain, infiniplex_forest_end_2,
          infiniplex_forest_join, infiniplex_forest_clump_small,
          infiniplex_forest_straight_3, infiniplex_forest_lined_2,
          infiniplex_forest_lined_ring, infiniplex_forest_corner_2,
          nicolae_ecumenical_lake_church
D:2:      layout_basic, uniq_natasha, uniq_jessica
D:3:      minmay_recursive_quarters, layout_rooms
D:4:      dreamdust_elfheim, layout_basic, serial_bayou, serial_bayou_shore_a,
          serial_bayou_crossing, serial_bayou_pond_d, serial_bayou_pond_e,
          uniq_robin, uniq_sigmund, uniq_blork_the_orc

Skill      XL: |  1  2  3  4  5  6 |
---------------+-------------------+-----
Conjurations   | 1 2 3 4 |  4.4
Fire Magic     | 3 4 5 |  5.2
Spellcasting   | 2 3 |  3.2
Dodging        | |  1.7
Stealth        | |  1.7

Action                   |  1- 3 |  4- 6 || total
-------------------------+-------+-------++-------
Melee: Staff             |       |     1 ||     1
 Cast: Foxfire           |    35 |    91 ||   126
       Scorch            |     4 |    17 ||    21
  Use: Scroll            |     3 |     4 ||     7
Armor: Robe              |     3 |     3 ||     6
Dodge: Dodged            |    23 |    28 ||    51

Table legend: (Time is in decaauts)
 A = Elapsed time spent in this place.
 B = Non-inter-level travel time spent in this place.
 C = Inter-level travel time spent in this place.
 D = Time resting spent in this place.
 E = Time spent auto-exploring this place.
 F = Levels seen in this place.
 G = Mean time per level.
                   A        B        C        D        E       F      G
               +--------+--------+--------+--------+--------+-----+--------+
         Total |   4063 |   4009 |     54 |    254 |   3218 |   4 | 1015.8 |
       Dungeon |   4063 |   4009 |     54 |    254 |   3218 |   4 | 1015.8 |
               +--------+--------+--------+--------+--------+-----+--------+

Top non-repeatable levels by time:
     D:4: 1177 daAuts
     D:3: 1019 daAuts
     D:2: 991 daAuts
     D:1: 874 daAuts
